 Dungeon Crawl Stone Soup version 0.25-a0-577-ga4619f409e (webtiles) character file.

Game seed: 4830389016587816310, levelgen mode: deterministic

1043 Flugslaktarn the Chopper (level 8, -3/70 HPs)
             Began as a Minotaur Fighter on Mar 2, 2020.
             Slain by a worker ant (5 damage)
             ... on level 5 of the Dungeon.
             The game lasted 00:01:10 (2799 turns).

Flugslaktarn the Chopper (Minotaur Fighter)         Turns: 2799, Time: 00:01:11

Health: -3/70      AC:  7    Str: 23    XL:     8   Next: 4%
Magic:  7/7        EV:  8    Int:  5    God:
Gold:   78         SH: 10    Dex: 10    Spells: 7/7 levels left

rFire    . . .     SeeInvis .   a - +0 war axe
rCold    . . .     Gourm    .   c - +0 kite shield
rNeg     . . .     Faith    .   b - +0 scale mail
rPois    .         Spirit   .   (helmet restricted)
rElec    .         Reflect  .   (no cloak)
rCorr    .         Harm     .   (no gloves)
MR       .....                  (no boots)
Stlth    ..........             (no amulet)
HPRegen  0.21/turn              (no ring)
MPRegen  0.10/turn              (no ring)

@: lethally poisoned (-3 -> -4)
A: retaliatory headbutt, horns 2
a: no special abilities


You were on level 5 of the Dungeon.
You were not hungry.

You visited 1 branch of the dungeon, and saw 5 of its levels.

You collected 78 gold pieces.

Inventory:

Hand Weapons
 a - a +0 war axe (weapon)
Armour
 b - a +0 scale mail (worn)
 c - a +0 kite shield (worn)
Jewellery
 m - an uncursed ring of fire {unknown}
   (You found it on level 2 of the Dungeon)
 q - a +2 ring of intelligence {unknown}
   (You found it on level 4 of the Dungeon)
Scrolls
 g - 3 scrolls of identify {unknown}
 h - 2 scrolls of fear {unknown}
 i - a scroll of remove curse {unknown}
 j - a scroll of enchant weapon {unknown}
 l - a scroll of teleportation {unknown}
 p - a scroll of blinking {unknown}
Potions
 d - a potion of might
 f - 2 potions of degeneration {unknown}
 k - 4 potions of haste
 n - a potion of heal wounds {unknown}
 o - a potion of curing {unknown}
Comestibles
 e - 6 rations


   Skills:
 + Level 6.1 Fighting
 * Level 7.4 Axes
 + Level 6.2 Armour
 + Level 6.1 Shields


You had 7 spell levels left.
You didn't know any spells.
Your spell library was empty.

Dungeon Overview and Level Annotations

Branches:
Dungeon (5/15)
 Temple: D:4-7

Altars:
Fedhas
Okawaru
Qazlal
Uskayaw
Wu Jian

Shops:
D:4 }

Annotations:
D:3 3 runed translucent doors, Flugslaktarn's ghost, weakling MiFi


Innate Abilities, Weirdness & Mutations

You reflexively headbutt those who attack you in melee.
You have a pair of horns on your head.


Message History

The howler monkey hits you but does no damage.
The worker ant bites you but does no damage.
The howler monkey barely misses you. You furiously retaliate!
You headbutt the howler monkey. You block the worker ant's attack.
You hit the worker ant.
You kill the worker ant!
You have reached level 8!
You feel agile.
You barely miss the howler monkey.
You feel sick.
The freed slave hits the howler monkey!
The howler monkey dies!
You hit the worker ant.
The worker ant is lightly wounded.
You block the worker ant's attack.
The freed slave hits the worker ant.
The worker ant bites you but does no damage.
The freed slave closely misses the worker ant.
You closely miss the worker ant.
The worker ant is lightly wounded.
You feel sick. The worker ant bites you.
You die...

.... .... ...
#### ####.# ##+#
#...##.##.##...##
.................
........)........
........<†.(.....
#...##p.a@.......
#. #..p.#######
......)....#
.....##....# ....
#(...# ... .....#
.. ......# .
.......#
........#


You could see a worker ant and 2 neutral freed slaves.

Vanquished Creatures
  Pikel (D:5)
  An ice beast (D:5)
  2 slaves (D:4)
  2 ogres
  A crimson imp (D:5)
  A centaur skeleton (D:4)
  A hound (D:4)
  Terence (D:3)
  4 worker ants
  4 adders (D:3)
  A shadow imp (D:5)
  An ooze (D:3)
  An adder zombie (D:4)
  A worm (D:3)
  3 dart slugs
  4 leopard geckos
  A ball python (D:1)
  4 giant cockroaches
  A hobgoblin (D:2)
  4 bats
  A jackal skeleton (D:4)
  4 kobolds
  A leopard gecko skeleton (D:4)
  A quokka skeleton (D:4)
  3 rats
49 creatures vanquished.

Vanquished Creatures (others)
  A howler monkey (D:5)
1 creature vanquished.

Grand Total: 50 creatures vanquished

Notes
Turn   | Place    | Note
-------+----------+-------------------------------------------
     0 | D:1      | Flugslaktarn the Minotaur Fighter began the quest for the
                  | Orb.
     0 | D:1      | Reached XP level 1. HP: 19/19 MP: 0/0
   304 | D:2      | Reached XP level 2. HP: 27/27 MP: 1/1
   418 | D:2      | Found an ornate altar of the Wu Jian Council.
   437 | D:2      | Reached skill level 3 in Axes
   530 | D:3      | Found a runed translucent gate.
   530 | D:3      | Found a runed translucent gate.
   530 | D:3      | Identified the +6 short sword "Faungupaask" {venom, MR+
                  | Stlth+}
   530 | D:3      | Noticed Flugslaktarn's ghost (weakling MiFi)
   531 | D:3      | Found a runed translucent gate.
   598 | D:3      | Reached XP level 3. HP: 32/33 MP: 2/2
   668 | D:3      | Noticed a water elemental
   670 | D:3      | Found a stormy altar of Qazlal.
   671 | D:3      | Noticed a fire elemental
   671 | D:3      | Noticed an earth elemental
   671 | D:3      | Noticed an air elemental
   751 | D:3      | Found an iron altar of Okawaru.
  1202 | D:3      | Reached XP level 4. HP: 37/40 MP: 3/3
  1234 | D:3      | Noticed Terence
  1249 | D:3      | Killed Terence
  1249 | D:3      | Reached skill level 4 in Axes
  1397 | D:4      | Noticed an ogre
  1403 | D:4      | HP: 2/40 [ogre/+0 giant club (11)]
  1404 | D:4      | Killed an ogre
  1404 | D:4      | Reached XP level 5. HP: 3/47 MP: 4/4
  1675 | D:4      | Found a hide-covered altar of Uskayaw.
  1675 | D:4      | Found a blossoming altar of Fedhas.
  1919 | D:4      | Reached skill level 5 in Axes
  2248 | D:4      | Found Dabrink's Gadget Emporium.
  2255 | D:4      | Reached XP level 6. HP: 55/55 MP: 5/5
  2407 | D:5      | Entered Level 5 of the Dungeon
  2410 | D:5      | Noticed an ice beast
  2424 | D:5      | Killed an ice beast
  2424 | D:5      | Reached skill level 5 in Fighting
  2424 | D:5      | Reached skill level 5 in Armour
  2424 | D:5      | Reached skill level 5 in Shields
  2490 | D:5      | Noticed a slave
  2491 | D:5      | Noticed a slave
  2492 | D:5      | Noticed Pikel
  2492 | D:5      | Noticed a slave
  2495 | D:5      | Reached skill level 6 in Axes
  2496 | D:5      | Noticed a slave
  2509 | D:4      | Killed a slave
  2513 | D:4      | Killed a slave
  2789 | D:5      | Reached XP level 7. HP: 47/61 MP: 6/6
  2794 | D:5      | Killed Pikel
  2794 | D:5      | Reached skill level 7 in Axes
  2794 | D:5      | HP: 3/63 [howler monkey (6)]
  2796 | D:5      | Reached XP level 8. HP: 3/70 MP: 7/7
  2799 | D:5      | HP: 2/70 [poisoned by a worker ant]
  2799 | D:5      | Slain by a worker ant

Levels and vault maps discovered:
D:1:      saegor_arrival_simple_b, layout_basic, serial_rivers,
          chequers_serial_rivers_large_a, chequers_serial_rivers_small_a,
          chequers_serial_rivers_micro_b, chequers_serial_rivers_room_b,
          chequers_serial_rivers_large_b, chequers_serial_rivers_room_b
D:2:      layout_rooms, evilmike_ruin_ashenzari, lemuel_coloured_pillars_altar,
          minmay_split_cup_large
D:3:      layout_loops_corners, nicolae_qazlal_style_of_elements,
          lemuel_doored_altar, gammafunk_ghost_nasty_kobolds, uniq_terence
D:4:      layout_basic, gammafunk_temple_overflow_pools, serial_shops, shop
D:5:      layout_gridville, first_ration, uniq_pikel

Skill      XL: |  1  2  3  4  5  6  7 |
---------------+----------------------+-----
Axes           | 3 4 5 6 7 |  7.4
Fighting       | 4 5 6 |  6.1
Armour         | 4 5 6 |  6.2
Shields        | 4 5 6 |  6.1

Action                   |  1- 3 |  4- 6 |  7- 9 || total
-------------------------+-------+-------+-------++-------
Melee: War axe           |    54 |   101 |     9 ||   164
       Headbutt          |     6 |    20 |     3 ||    29
  Eat: Chunk             |     1 |     5 |       ||     6
Armor: Scale mail        |    23 |    34 |     5 ||    62
Dodge: Dodged            |    15 |    33 |     7 ||    55
Block: Kite shield       |    22 |    50 |    11 ||    83

Table legend:
 A = Non-vault XP
 B = Vault XP
 C = Vault XP percentage of total XP
 D = Non-vault monster count
 E = Vault monster count
 F = Vault count percentage of total count
                 A         B        C        D         E       F
            +---------+---------+-------+---------+---------+-------
      Total |     803 |     687 |  46.1 |      46 |       2 |   4.2
            +---------+---------+-------+---------+---------+-------
        D:1 |      10 |       0 |   0.0 |       6 |       0 |   0.0
        D:2 |      10 |       0 |   0.0 |       6 |       0 |   0.0
        D:3 |      77 |      36 |  31.9 |      12 |       1 |   7.7
        D:4 |     289 |       0 |   0.0 |      15 |       0 |   0.0
        D:5 |     417 |     651 |  61.0 |       7 |       1 |  12.5
            +---------+---------+-------+---------+---------+-------
